 Dungeon Crawl Stone Soup version bcrawl-1.21.2-1-g32d02e0829 (webtiles) character file.

Game seed: 14116365168705262777

113 MordorOrchid the Ducker (level 4, -5/36 HPs)
             Began as an Oni Venom Mage on Feb 20, 2020.
             Was an Initiate of Okawaru.
             Killed by divine providence
             ... invoked by an orc priest
              (14 damage)
             ... on level 3 of the Dungeon.
             The game lasted 00:09:01 (2109 turns).

MordorOrchid the Ducker (Oni Venom Mage)            Turns: 2109, Time: 00:09:02

Health: -5/36      AC:  2    Str: 14    XL:     4   Next: 96%
Magic:  0/9        EV: 12    Int: 18    God:    Okawaru [......]
Gold:   91         SH:  0    Dex: 11    Spells: 1/7 levels left

rFire    . . .     SeeInvis .   a - +0 mace
rCold    . . .     Gourm    .   (no shield)
rNeg     . . .     Faith    .   g - +0 animal skin
rPois    .         Spirit   .   (helmet restricted)
rElec    .         Reflect  .   (no cloak)
rCorr    .         Harm     .   (no gloves)
MR       .....                  (no boots)
Stlth    ++........             (no amulet)
HPRegen  0.12/turn              l - +3 ring of strength
MPRegen  0.11/turn              (no ring)

@: no status effects
A: oni magic, claws 1, fangs 1, horns 1
a: Renounce Religion


You were on level 3 of the Dungeon.
You worshipped Okawaru.
Okawaru was noncommittal.
You were hungry.

You visited 1 branch of the dungeon, and saw 3 of its levels.

You collected 91 gold pieces.

Inventory:

Hand Weapons
 a - a +0 mace (weapon)
 h - a +0 short sword
 j - a +0 hunting sling
Missiles
 f - 601 stones (quivered)
 i - 71 tomahawks
 m - 368 arrows
Armour
 g - a +0 animal skin (worn)
 p - a +0 ring mail
Jewellery
 b - an uncursed ring of fire
 l - a +3 ring of strength (left claw)
Scrolls
 n - a scroll of fog
 o - a scroll of remove curse
 t - a scroll of teleportation
Potions
 c - a potion of berserk rage
 d - 2 potions of degeneration
 q - a potion of lignification {unknown}
 r - a potion of ambrosia
Comestibles
 e - 3 rations {!d}
 k - 5 chunks of flesh


   Skills:
 * Level 1.7 Fighting
 * Level 1.4 Maces & Flails
 + Level 2.5 Dodging
 - Level 1.7 Stealth
 + Level 2.4 Spellcasting
   Level 2.4 Conjurations
   Level 2.4 Hexes
   Level 2.4 Charms
   Level 2.4 Summonings
   Level 2.4 Necromancy
   Level 2.4 Translocations
   Level 2.4 Transmutations
   Level 2.4 Fire Magic
   Level 2.4 Ice Magic
   Level 2.4 Air Magic
   Level 2.4 Earth Magic
   Level 2.4 Poison Magic


You had one spell level left.
You knew the following spells:

 Your Spells              Type           Power        Failure   Level  Hunger
a - Sting                 Conj/Pois      ##..         6%          1    #......
d - Ignite Poison         Fire/Tmut/Pois ##......     21%         3    ###....
p - Poisonous Vapours     Pois/Air       ##....       10%         2    ##.....

Your spell library contained the following spells:

 Spells                   Type           Power        Failure   Level  Hunger
 Freeze                   Ice            ##....       5%          1    #......
 Passwall                 Tmut/Erth      ##......     10%         2    ##.....
 Olgreb's Toxic Radiance  Pois           ##......     47%         4    #####..
 Summon Scorpions         Summ/Pois      ##......     52%         4    #####..
 Venom Bolt               Conj/Pois      ##........   86%         5    ######.


Dungeon Overview and Level Annotations

Branches:
Dungeon (3/12)

Altars:
Okawaru


Innate Abilities, Weirdness & Mutations

You learn spells by gaining experience, not through books or religion.
You only train spellcasting to practice magic.
You have sharp fingernails.
You have very sharp teeth.
You have a pair of small horns on your head.


Message History

Aim: an orc, wielding a +2 flail of draining The sting hits the orc.
The orc is poisoned.
The orc is severely wounded.
Casting: Sting (safe; 7% risk of failure)
Confirm with . or Enter, or press ? or * to list all spells.
Aiming: Poisonous Vapours (safe; 11% risk of failure)
Press: ? - help, Dir - move target cursor, f - orc priest, p - orc
Aim: an orc priest, wielding a +0 short sword (heavily wounded) Poisonous vapours appear!
Okawaru accepts your kill.
Reactivating autopickup.
You feel a bit more experienced.
The orc priest is poisoned.
You kill the orc!
Okawaru accepts your kill.
The orc priest invokes the aid of Beogh against you.
Beogh smites you!
* * * LOW HITPOINT WARNING * * *
The orc priest mumbles some strange prayers to Beogh against you.
Beogh smites you!
You die...

##############
#.@..........#
#.##########.#
#.# #.# #o#
#.# #)#
#.###### #)#
#....รท.. #.#
######## #o#
#o#


You could see an orc priest and an orc.

Vanquished Creatures
  An orc wizard (D:3)
  An adder (D:2)
  2 oozes (D:1)
  4 worms (D:2)
  A dart slug (D:1)
  A leopard gecko (D:1)
  An orc (D:3)
  2 giant cockroaches (D:1)
  2 goblins
  10 hobgoblins
  3 jackals
  5 kobolds
  A quokka (D:2)
  4 bats
  A frilled lizard (D:3)
  19 rats
58 creatures vanquished.

Notes
Turn   | Place    | Note
-------+----------+-------------------------------------------
     0 | D:1      | MordorOrchid the Oni Venom Mage began the quest for the
                  | Orb.
     0 | D:1      | Reached XP level 1. HP: 14/14 MP: 4/4
    85 | D:1      | Reached XP level 2. HP: 22/22 MP: 2/6
   171 | D:1      | Reached skill level 1 in Fighting
   202 | D:1      | Learned a level 2 spell: Poisonous Vapours
   333 | D:1      | Reached XP level 3. HP: 28/28 MP: 5/7
  1145 | D:2      | Found an iron altar of Okawaru.
  1220 | D:2      | Reached XP level 4. HP: 35/35 MP: 3/9
  1232 | D:2      | Became a worshipper of Warmaster Okawaru
  1302 | D:2      | Reached skill level 1 in Maces & Flails
  1956 | D:2      | Learned a level 3 spell: Ignite Poison
  2109 | D:3      | Killed from afar by an orc priest

Skill      XL: |  1  2  3  4 |
---------------+-------------+-----
Dodging        | 2 |  2.5
Fighting       | 1 |  1.7
Spellcasting   | 2 |  2.4
Maces & Flails | 1 |  1.4
Stealth        | |  1.7
Conjurations   | |  2.4
Hexes          | |  2.4
Charms         | |  2.4
Summonings     | |  2.4
Necromancy     | |  2.4
Translocations | |  2.4
Transmutations | |  2.4
Fire Magic     | |  2.4
Ice Magic      | |  2.4
Air Magic      | |  2.4
Earth Magic    | |  2.4
Poison Magic   | |  2.4

Action                   |  1- 3 |  4- 6 || total
-------------------------+-------+-------++-------
Melee: Unarmed           |    23 |       ||    23
       Headbutt          |     6 |     2 ||     8
       Mace              |    14 |    12 ||    26
       Bite              |     3 |       ||     3
 Cast: Sting             |    54 |    37 ||    91
       Poisonous Vapours |     2 |     4 ||     6
  Use: Scroll            |       |     5 ||     5
       Potion            |       |     1 ||     1
 Stab: Sleeping          |       |     1 ||     1
  Eat: Chunk             |     2 |     3 ||     5
Armor: Animal skin       |     4 |     1 ||     5
Dodge: Dodged            |    19 |     8 ||    27
